 Dungeon Crawl Stone Soup version 0.28.0 (webtiles) character file.

Game seed: 2333184594751533763

1409693 magipi the Acrobat (level 27, 177/184 HPs)
             Began as a Merfolk Berserker on Feb 6, 2022.
             Was a High Priest of Trog.
             Escaped with the Orb
             ... and 3 runes on Feb 9, 2022!
             The game lasted 04:33:24 (102243 turns).

magipi the Acrobat (Merfolk Berserker)            Turns: 102243, Time: 04:33:25

Health: 177/184    AC: 35    Str: 24      XL:     27
Magic:  11/11      EV: 23    Int:  9      God:    Trog [*****.]
Gold:   2859       SH:  0    Dex: 18 (19) Spells: 26/26 levels left

rFire   + + +      SeeInvis +   a - +10 glaive of Valour {vorpal, rPois rF+++}
rCold   + . .      Faith    +   (shield currently unavailable)
rNeg    . . .      Spirit   .   K - +6 plate armour {rC+}
rPois   +          Reflect  .   q - +2 helmet {SInv}
rElec   +          Harm     .   R - +2 cloak
rCorr   +          Rampage  .   U - +3 pair of gauntlets of War {Slay+5}
Will    +++..      Rage     1%  X - +0 pair of boots of Heresy {Dex+3}
Stlth   ..........              r - amulet of Xups {Faith rElec}
HPRegen 0.40/turn               v - +4 ring of evasion
MPRegen 0.12/turn               o - ring "Tely" {Will+ rCorr MP-9 Slay+6 Stlth+}

@: no status effects
A: (nimble swimmer 2), mertail, berserk 1, clumsy 1, deformed body,
deterioration 2, frail 2, low MP 1, inability to read while threatened,
devolution 1
0: Orb of Zot
}: 3/15 runes: barnacled, slimy, gossamer
a: Renounce Religion, Berserk, Trog's Hand, Brothers in Arms


You escaped.
You worshipped Trog.
Trog was extremely pleased with you.
You visited 12 branches of the dungeon, and saw 56 of its levels.
You visited the Abyss 1 time.
You also visited: Sewer, Wizlab and Desolation.

You collected 8238 gold pieces.
You spent 5379 gold pieces at shops.

Inventory:

Hand Weapons
 a - the +10 glaive of Valour (weapon) {vorpal, rPois rF+++}
   (Trog gifted it to you on level 2 of the Lair of Beasts)

   It inflicts extra damage upon your enemies.
   rF:        It renders you almost immune to fire.
   rPois:     It protects you from poison.
 b - a +3 vorpal trident
   (You took it off a merfolk impaler on level 4 of the Shoals)
Missiles
 A - 3 silver boomerangs
 C - a boomerang
 D - 22 throwing nets
 H - 14 javelins (quivered)
 V - 4 silver javelins
Armour
 q - a +2 helmet of see invisible (worn)
   (You bought it in a shop on level 2 of the Depths)
 K - a +6 plate armour of cold resistance (worn)
   (You took it off an orc warrior on level 8 of the Dungeon)
 R - a +2 cloak (worn)
   (You found it on level 2 of the Lair of Beasts)
 U - the +3 pair of gauntlets of War (worn) {Slay+5}
   (You found it on level 6 of the Lair of Beasts)

   Slay:      It affects your accuracy & damage with ranged weapons and melee
   (+5).
 X - the +0 pair of boots of Heresy (worn) {Dex+3}
   (You found it on level 2 of the Spider Nest)

   Dex:       It affects your dexterity (+3).
Jewellery
 c - the ring "Odokofon" {Wiz +Blink rC+ rN+}
   (You took it off a deep elf sorcerer on level 3 of the Elven Halls)

   [ring of wizardry]

   It improves your spell success rate.
   rC:        It protects you from cold.
   rN:        It protects you from negative energy.
   +Blink:    It lets you blink.
 o - the ring "Tely" (right hand) {Will+ rCorr MP-9 Slay+6 Stlth+}
   (You found it in the Desolation of Salt)

   [ring of resist corrosion]

   Slay:      It affects your accuracy & damage with ranged weapons and melee
   (+6).
   MP:        It affects your magic capacity (-9).
   rCorr:     It protects you from acid and corrosion.
   Will:      It increases your willpower.
   Stlth:     It makes you more stealthy.
 r - the amulet of Xups (around neck) {Faith rElec}
   (You found it in the Desolation of Salt)

   [amulet of faith]

   It allows you to gain divine favour quickly.
   rElec:     It insulates you from electricity.
 v - a +4 ring of evasion (left hand)
   (You found it on level 1 of the Spider Nest)
Wands
 e - a wand of acid (12)
   (You bought it in a shop on level 2 of the Shoals)
 g - a wand of polymorph (8)
   (You took it off Urug on level 12 of the Dungeon)
 k - a wand of iceblast (7)
   (You took it off an ironbound convoker on level 4 of the Vaults)
 y - a wand of mindburst (12)
   (You found it on level 3 of the Depths)
 O - a wand of paralysis (38)
   (You found it on level 11 of the Dungeon)
 Q - a wand of flame (83)
   (You took it off Ijyb on level 5 of the Dungeon)
 W - a wand of charming (31)
   (You found it on level 6 of the Lair of Beasts)
Scrolls
 i - 15 scrolls of teleportation
 j - 2 scrolls of blinking
 s - 8 scrolls of holy word
 u - 3 scrolls of noise
 B - 10 scrolls of immolation
 F - 3 scrolls of summoning
 J - 5 scrolls of fog
 N - 2 scrolls of silence
 P - 7 scrolls of fear
Potions
 d - 14 potions of curing
 f - 5 potions of cancellation
 h - a potion of resistance
 l - a potion of berserk rage
 n - 8 potions of attraction
 t - 10 potions of might
 w - 10 potions of mutation
 x - 7 potions of ambrosia
 z - 7 potions of heal wounds
 E - 3 potions of haste
 G - 6 potions of flight
 L - 8 potions of magic
 Y - 5 potions of invisibility
Miscellaneous
 m - a condenser vane
   (You found it on level 3 of the Elven Halls)
 p - a lightning rod (4/4)
   (You found it on level 3 of the Elven Halls)
 I - a phantom mirror
   (You found it on level 4 of the Shoals)
 M - a tin of tremorstones (2/2)
   (You found it on level 4 of the Lair of Beasts)
 T - a box of beasts
   (You found it on level 3 of the Elven Halls)


   Skills:
 + Level 21.8 Fighting
 - Level 20.0 Polearms
 - Level 20.0 Throwing
 + Level 20.9 Armour
 + Level 22.5 Dodging
 - Level 7.5 Shields
 + Level 21.5 Evocations


You had 26 spell levels left.
You didn't know any spells.
Your spell library was empty.

Dungeon Overview and Level Annotations

Branches:
Dungeon (15/15)            Temple (1/1) D:4            Lair (6/6) D:10
 Shoals (4/4) Lair:4       Spider (4/4) Lair:4        Slime (5/5) Lair:5
    Orc (2/2) D:11            Elf (3/3) Orc:2        Vaults (4/5) D:14
  Crypt (3/3) Vaults:3       Tomb (0/3) Crypt:3      Depths (4/4) D:15
    Zot (5/5) Depths:4      Sewer (visited)          WizLab (visited)
Desolation (visited)

Altars:
Cheibriados
Elyvilon
Fedhas
Gozag
Kikubaaqudgha
Makhleb
Nemelex Xobeh
Okawaru
Qazlal
Sif Muna
Trog
Uskayaw
Vehumet
Wu Jian
Yredelemnul
The Shining One
Beogh

Shops:
D:1 ****   D:6 *   Orc:2 :![(   Elf:2 [   Shoals:2 **   Vaults:3 [
Depths:2 *([[

Portals:
Hell: Depths:1 Depths:2 Depths:3 Depths:4
Abyss: Depths:3
Pandemonium: Depths:2 Depths:3
Ziggurat: Depths:4

Annotations:
D:3 1 runed translucent door, carontestyx's ghost, amateur DECj
D:5 2 runed translucent doors, exclusion: door
Lair:2 2 transporters, Rayvis's ghost, journeyman MiFi
Elf:2 3 runed translucent doors
Vaults:4 3 runed translucent doors, Silenth's ghost, adept DrFE
Crypt:1 3 runed translucent doors, yalue's ghost, adept MiFi
Zot:3 1 runed translucent door, runemage's ghost, legendary GnFi
Zot:4 1 runed translucent door, Jofris Vesimp's ghost, legendary GnFE


Innate Abilities, Weirdness & Mutations

((You are very nimble when in or above water. (Stealth+, EV+, Speed+++)))
Your lower body shifts to a powerful aquatic tail in water.
You tend to lose your temper in combat.
You are clumsy. (Dex -2)
Armour fits poorly on your strangely shaped body.
Your body often deteriorates upon taking damage.
You are very frail. (-20% HP)
Your magical capacity is low. (-10% MP)
You sometimes lose the ability to read scrolls when taking damage.
You have hidden genetic defects.


Message History

Your troll rages.
You hear a grinding noise.
You reach to attack!
You slice the cacodemon!!
The cacodemon is moderately wounded.
The sixfirhy hits something.
The sixfirhy shocks something!
You reach to attack!
You slice the cacodemon!!
The cacodemon is heavily wounded.
The sixfirhy hits something!
The sixfirhy shocks something!
The sixfirhy hits something!
The sixfirhy shocks something!
The cacodemon gestures at you.
Strange energies course through your body.
You feel your body start to fall apart.
You reach to attack!
You completely miss the cacodemon.
The cacodemon is heavily wounded.
Unknown command.
You barely miss the cacodemon.
The cacodemon is heavily wounded.
You slice the cacodemon!!
The cacodemon is severely wounded.
The cacodemon misses you. The cacodemon completely misses you.
Unknown command.
You open the cacodemon like a pillowcase!!!
You kill the cacodemon!
Trog accepts your kill.
The sixfirhy hits you but does no damage.
Unknown command.
You open the sixfirhy like a pillowcase!!!
You kill the sixfirhy!
Trog accepts your kill.
No target in view!
Unknown command.
No target in view!
Unknown command.
(D) Dungeon (T) Temple (L) Lair (A) Shoals (N) Spider Nest (M) Slime Pits (O) Orcish Mines (E) Elven Halls (V) Vaults (C) Crypt (W) Tomb (U) Depths (H) Hell (Z) Zot
Where to? (Enter - D:1 @ (x,y), ? - help)
An Amnu, a neqoxec and a lich come into view.
Unknown command.
Blink to where?
Press: ? - help, Dir - move target
As you read the scroll of blinking, it crumbles to dust.
The neqoxec shouts!
The lich shouts!
There is a stone staircase leading up here.
You climb upwards.
Level annotation: 1 runed translucent door, carontestyx's ghost, amateur DECj
There is a stone staircase leading down here.
There is a stone staircase leading up here.
(D) Dungeon (T) Temple (L) Lair (A) Shoals (N) Spider Nest (M) Slime Pits (O) Orcish Mines (E) Elven Halls (V) Vaults (C) Crypt (W) Tomb (U) Depths (H) Hell (Z) Zot
Where to? (Enter - D:1 @ (x,y), ? - help)
What level of the Dungeon? (default 1, ? - help)
You climb upwards.
There is a stone staircase leading down here.
There is an open door here.
There is an open door here.
An Orb Guardian comes into view.
You hit the Orb Guardian.
The Orb Guardian is lightly wounded.
The Orb Guardian hits you but does no damage.
You miss the Orb Guardian.
The Orb Guardian is lightly wounded.
The Orb Guardian hits you!!
Your body deteriorates!
You feel clumsy.
You carve the Orb Guardian like a ham!!!
The Orb Guardian is severely wounded.
You slice the Orb Guardian!!
You kill the Orb Guardian!
Trog accepts your kill.
A red devil comes into view. It is wielding a +0 trident.
Unknown command.
The red devil moves out of view.
Your two-headed ogre goes berserk!
Unknown command.
You swap places.
Your two-headed ogre rages.
Your two-headed ogre hits the red devil with a +0 giant spiked club!
Your two-headed ogre hits the red devil with a +0 giant club!!
The red devil dies!
Trog accepts your kill.
(D) Dungeon (T) Temple (L) Lair (A) Shoals (N) Spider Nest (M) Slime Pits (O) Orcish Mines (E) Elven Halls (V) Vaults (C) Crypt (W) Tomb (U) Depths (H) Hell (Z) Zot
Where to? (Enter - D:1 @ (x,y), ? - help)
An Ice Fiend and a lich come into view.
There is a stone staircase leading up here.
Unknown command.
The lich shouts!
Your two-headed ogre hits the lich with a +0 giant spiked club!!!
Your two-headed ogre hits the lich with a +0 giant club!
You climb upwards.
Your summoned ally is left behind.
There is a stone staircase leading down here.
There is an open door here.
There is a large open door here.
There is a staircase leading out of the dungeon here.
You have escaped!

#..........# #..........#
######..........#############
#........#'####.............#
##.####.##.# ###.#########.#
#.#..#....# #..## #.#
#.#..#.#########...#######.#
#.#.##...#...).'...#.....#.#
#.#....#.#..@..'...'.....#.##
#.######.#.....##.##.....#.#.
#........###++###.####'###.#.
########......##...##......#.
##.....##...##......#.
####+####.####'###.#.
#.....##.##.....#.#.
#.....'...'..>..#.#.
#.....#...#.....#.#.


There were no monsters in sight!

Vanquished Creatures
  the Royal Jelly (Slime:5)
  A dread lich (Zot:4)
  An ancient lich (Zot:5)
  12 orbs of fire
  4 Killer Klowns
  Margery (Depths:2)
  Bai Suzhen (Crypt:3)
  2 curse toes
  A caustic shrike (Depths:4)
  15 golden dragons
  A bone dragon (Crypt:3)
  A Hellbinder (WizLab)
  A profane servitor (Crypt:3)
  A Brimstone Fiend (D:7)
  2 electric golems
  An Ice Fiend (D:14)
  10 tentacled monstrosities
  A walking crystal tome (Depths:4)
  Jorgrun (Orc:2)
  28 Orb Guardians
  A Hell Sentinel (Depths:1)
  A walking divine tome (Depths:4)
  7 liches
  3 titans
  2 walking earthen tomes (Depths:4)
  4 deep elf master archers (Elf:3)
  3 walking frostbound tomes (Depths:4)
  5 quicksilver dragons
  4 deep elf blademasters (Elf:3)
  4 sphinxes
  A kraken (Shoals:3)
  15 acid blobs
  9 death cobs
  An ancient champion (Crypt:2)
  Gastronok (D:8)
  4 tengu reavers
  15 storm dragons
  Agnes (D:15)
  2 revenants (Crypt:1)
  Donald (Shoals:4)
  4 shadow dragons
  The ghost of Nattefrost the Warrior, an adept DsHu of Makhleb (Spider:2)
  7 fire giants
  8 rockslimes
  3 draconian monks
  9 azure jellies
  8 frost giants
  7 vault wardens
  An imperial myrmidon (Desolation)
  8 deep elf sorcerers (Elf:3)
  4 draconian knights
  12 ghost moths
  5 orc warlords
  2 iron dragons (Depths:4)
  11 emperor scorpions
  Louise (Spider:2)
  A balrug (WizLab)
  2 curse skulls (Crypt:3)
  A caustic shrike zombie (Depths:3)
  2 draconian scorchers
  3 cacodemons
  10 ghouls
  3 deep elf elementalists
  14 ironbound preservers
  2 draconian shifters
  A juggernaut zombie (Crypt:3)
  A demonspawn blood saint (WizLab)
  2 spriggan defenders (Depths:2)
  A war gargoyle (Vaults:3)
  A reaper (Depths:2)
  6 quicksilver oozes
  2 draconian stormcallers
  7 draconian annihilators
  17 stone giants
  A broodmother (Spider:4)
  A caustic shrike skeleton (Depths:3)
  24 very ugly things
  4 green draconians
  5 vampire knights
  5 ironbound thunderhulks
  9 black draconians
  6 deep elf annihilators (Elf:3)
  2 halazid warlocks (Desolation)
  2 deep elf demonologists
  5 entropy weavers
  20 dire elephants
  4 lorocyprocas
  7 purple draconians
  6 yellow draconians
  14 white draconians
  5 red draconians
  12 spark wasps
  4 crystal guardians
  A mummy priest (Crypt:3)
  A blizzard demon (WizLab)
  8 deep elf death magi
  9 eidola
  5 ettins
  7 jiangshi
  4 yaktaur captains
  6 fire dragons
  8 merfolk impalers
  4 merfolk javelineers (Shoals:4)
  5 servants of whispers (Desolation)
  7 ragged hierophants (Desolation)
  11 deep elf high priests
  Fannar (D:11)
  9 great orbs of eyes
  3 spriggan air magi (Depths:4)
  A vault guard (Vaults:4)
  A quicksilver dragon skeleton (Crypt:1)
  2 rakshasas (Depths:3)
  6 boulder beetles
  8 ice dragons
  9 centaur warriors
  8 hydras
  6 peacekeepers
  Harold (D:9)
  6 merfolk aquamancers
  An ogre mage (Vaults:3)
  2 death knights (Crypt:3)
  12 ironbound frosthearts
  4 jorogumos
  Erica (D:8)
  3 tengu warriors
  3 radroaches
  5 catoblepae
  A hell beast (WizLab)
  A merfolk avatar (Shoals:4)
  An alligator snapping turtle (Shoals:2)
  12 dancing weapons
  A two-headed ogre (D:14)
  5 satyrs
  14 death yaks
  6 vampire magi
  5 deep troll shamans
  A hell hog (Abyss:2)
  10 deep troll earth magi
  7 spriggan berserkers
  9 deep elf knights
  An orc high priest (Vaults:4)
  3 sun demons
  Nergalle (D:11)
  Urug (D:12)
  A storm dragon zombie (Crypt:3)
  2 fire crabs (shapeshifter)
  18 hell knights
  4 sixfirhies
  A wretched star (Abyss:3)
  A soul eater (WizLab)
  4 iron trolls
  19 skeletal warriors
  6 pharaoh ants
  An anaconda zombie (Crypt:2)
  15 sea snakes
  A shadow wraith (Crypt:2)
  A spectral ghost moth (Spider:2)
  6 steelbarb worms
  2 sun moths
  A glowing orange brain (D:9)
  8 flayed ghosts
  A shadow demon (WizLab)
  An obsidian statue (Zot:5)
  4 bog bodies (Crypt:1)
  12 orb spiders
  7 orc knights
  7 wizards
  A lindwurm (shapeshifter) (Abyss:3)
  52 deep trolls
  12 deep elf archers
  A spectral wolf spider (Spider:2)
  17 deep elf zephyrmancers
  21 ironbound convokers
  21 phantasmal warriors
  A shadow dragon skeleton (Depths:3)
  4 lindwurms
  19 deep elf pyromancers
  21 harpies
  7 necromancers
  9 orc sorcerers (Orc:2)
  A broodmother zombie (Crypt:1)
  16 fauns
  11 oklob plants (Zot:3)
  21 wolf spiders
  A fire giant zombie (Vaults:3)
  30 ugly things
  18 manticores
  17 cyclopes
  2 tengu skeletons
  A worldbinder (Abyss:3)
  An elephant (shapeshifter) (Depths:2)
  11 elephants
  Maurice (D:8)
  20 moths of wrath
  8 merfolk sirens
  6 torpor snails
  An eye of devastation (Slime:4)
  2 rust devils (WizLab)
  2 black mambas
  3 frost giant skeletons
  A torpor snail (shapeshifter) (Vaults:4)
  A fire giant skeleton (Vaults:3)
  5 water nymphs
  2 guardian serpents (Desolation)
  2 orange demons
  3 dire elephant zombies (Crypt:3)
  A water nymph (shapeshifter) (Depths:4)
  10 vault sentinels
  11 cane toads
  2 rime drakes
  2 hellions
  3 gargoyles
  3 smoke demons
  A cane toad (shapeshifter) (Elf:2)
  A kobold demonologist (Depths:3)
  A yaktaur (shapeshifter) (D:14)
  2 freezing wraiths (Crypt:3)
  8 demonic crawlers
  A swamp worm zombie (Crypt:1)
  2 komodo dragons
  11 yaktaurs
  2 hellwings
  4 tengu conjurers
  2 tormentors (WizLab)
  A red draconian skeleton (Crypt:2)
  A troll (shapeshifter) (D:14)
  A guardian mummy (Crypt:3)
  4 ice devils
  3 red devils
  10 hornets
  10 meliai
  47 merfolk
  Prince Ribbit (Lair:1)
  A harpy zombie (Crypt:3)
  A polar bear (shapeshifter) (Depths:4)
  4 trolls
  A polar bear (Lair:1)
  A tarantella (shapeshifter) (Elf:2)
  23 tarantellas
  5 dream sheep (Shoals:3)
  A sphinx simulacrum (Vaults:2)
  97 slime creatures
  An ettin zombie (Crypt:3)
  11 wind drakes
  54 saltlings
  5 spriggan zombies
  12 blink frogs
  35 jumping spiders
  8 snapping turtles
  5 flying skulls (Crypt:1)
  A spriggan skeleton (D:15)
  A vampire (D:13)
  Sigmund (D:5)
  A ynoxinul (Depths:2)
  13 spriggans
  3 shadows
  21 culicivoras
  5 wyverns
  13 water elementals
  A spriggan (shapeshifter) (D:14)
  7 wraiths
  An elf simulacrum (Vaults:2)
  4 fire elementals
  2 elf zombies (Vaults:3)
  8 golden eyes
  27 yaks
  A hog (shapeshifter) (D:14)
  3 basilisks
  3 chaos spawn (WizLab)
  3 neqoxecs (WizLab)
  A golden eye (shapeshifter) (D:15)
  70 redbacks
  9 vampire mosquitoes
  Menkaure (D:5)
  A steam dragon (Lair:4)
  A two-headed ogre zombie (Crypt:3)
  A faun zombie (Crypt:2)
  3 acid dragons
  2 naga zombies (Crypt:3)
  17 water moccasins
  A merfolk skeleton (Crypt:1)
  5 hell hounds
  A naga skeleton (Crypt:2)
  A sky beast (D:7)
  4 black bears
  An ice beast (D:7)
  25 orc warriors
  A hornet zombie (Crypt:2)
  An ettin simulacrum (Crypt:2)
  A small abomination (Abyss:3)
  19 necrophages
  23 wolves
  5 centaurs
  15 boggarts
  6 ogres
  2 phantoms
  6 kobold brigands
  2 human zombies
  Blork the orc (D:5)
  18 bullfrogs
  4 earth elementals
  A gnoll sergeant (D:8)
  A yaktaur skeleton (Crypt:1)
  A demonspawn simulacrum (Crypt:2)
  A water moccasin zombie (Crypt:2)
  A scorpion (D:10)
  A cyclops skeleton (Crypt:2)
  7 wyvern skeletons (Crypt:3)
  4 wights (D:9)
  4 electric eels
  A vampire bat (Lair:3)
  A howler monkey (D:7)
  3 starcursed masses (Abyss:3)
  A jelly (D:6)
  3 centaur zombies
  4 hounds
  15 orc priests
  A bullfrog skeleton (D:5)
  4 gnoll shamans
  Ijyb (D:5)
  A centaur skeleton (D:7)
  8 iguanas
  27 orc wizards
  Terence (D:2)
  A killer bee zombie (D:8)
  A hound zombie (D:5)
  2 mummies (Crypt:3)
  16 gnolls
  6 adders
  2 shadow imps
  3 white imps
  An ufetubus (D:4)
  A lava snake zombie (Crypt:2)
  An adder skeleton (D:4)
  3 worms
  A barachi zombie (Crypt:1)
  4 dart slugs
  82 orcs
  8 ball pythons
  14 bats
  7 endoplasms
  6 giant cockroaches
  7 goblins
  7 hobgoblins
  2 quokkas
  5 frilled lizards
  23 kobolds
  An orc zombie (Crypt:2)
  3 rats
  A rat zombie (Crypt:1)
  4 tentacles (Shoals:3)
2297 creatures vanquished.

Vanquished Creatures (collateral kills)
  An orb of fire (Zot:1)
  Boris (Depths:3)
  Nikola (Shoals:4)
  A profane servitor (Crypt:3)
  A cacodemon (WizLab)
  An ironbound preserver (Vaults:3)
  A lorocyproca (WizLab)
  A merfolk javelineer (Shoals:2)
  A servant of whispers (Desolation)
  Erolcha (Orc:2)
  An ogre mage (Orc:2)
  A merfolk avatar (Shoals:4)
  A merfolk aquamancer (Shoals:4)
  A soul eater (WizLab)
  A spectral emperor scorpion (Spider:2)
  A sixfirhy (WizLab)
  2 sea snakes (Shoals:4)
  2 deep trolls (Vaults:3)
  2 orc knights (Vaults:4)
  An ironbound convoker (Vaults:3)
  A harpy (Shoals:4)
  A necromancer (Vaults:3)
  2 orc sorcerers (Orc:2)
  A merfolk siren (Shoals:2)
  A merfolk (Shoals:2)
  2 wolf spider simulacra (Spider:2)
  A red devil (D:2)
  A wind drake (Shoals:2)
  4 orc wizards (Orc:2)
37 creatures vanquished.

Vanquished Creatures (others)
  A draconian knight (Zot:4)
  A ghost moth (Spider:3)
  A spectral entropy weaver (Spider:2)
  A deep elf zephyrmancer (Elf:1)
  39 fungi
  224 plants
  4 starspawn tentacles (Abyss:2)
  17 tentacles (Shoals:3)
  9 withered plants
297 creatures vanquished.

Grand Total: 2631 creatures vanquished

Notes
Turn   | Place    | Note
-------+----------+-------------------------------------------
     0 | D:1      | magipi the Merfolk Berserker began the quest for the Orb.
     0 | D:1      | Reached XP level 1. HP: 18/18 MP: 1/1
    29 | D:1      | Reached skill level 5 in Polearms
    29 | D:1      | Reached XP level 2. HP: 18/24 MP: 2/2
   320 | D:1      | Found Biobi's General Store.
   356 | D:1      | Bought a potion of curing for 39 gold pieces
   410 | D:1      | Found a faded altar of an unknown god.
   436 | D:1      | Found Qinynoip's Assorted Antiques.
   449 | D:1      | Found Bihatyemp's General Store.
   581 | D:1      | Found Kiasote's General Store.
   758 | D:2      | Reached XP level 3. HP: 28/30 MP: 3/3
  1037 | D:2      | Noticed Terence
  1056 | D:2      | Killed Terence
  1057 | D:2      | Reached XP level 4. HP: 37/37 MP: 4/4
  1837 | D:3      | Reached XP level 5. HP: 28/43 MP: 5/5
  2222 | D:3      | Reached ** piety under Trog
  2373 | D:3      | Found a runed translucent door.
  2377 | D:3      | Noticed carontestyx's ghost (amateur DECj)
  2419 | D:3      | Reached XP level 6. HP: 50/50 MP: 6/6
  3023 | D:4      | Reached skill level 3 in Dodging
  3035 | D:4      | Found an ancient bone altar of Kikubaaqudgha.
  3069 | D:4      | Reached skill level 5 in Fighting
  3273 | D:4      | Found a glowing drain.
  3317 | Sewer    | Entered a sewer
  3346 | Sewer    | Noticed a water moccasin
  3359 | Sewer    | Killed a water moccasin
  3360 | Sewer    | Reached skill level 1 in Throwing
  3360 | Sewer    | Reached XP level 7. HP: 56/56 MP: 7/7
  3521 | D:4      | Found a staircase to the Ecumenical Temple.
  3552 | D:4      | Reached skill level 4 in Dodging
  3563 | Temple   | Entered the Ecumenical Temple
  3863 | D:4      | Reached *** piety under Trog
  4321 | D:4      | Reached XP level 8. HP: 58/63 MP: 8/8
  4550 | D:5      | Entered Level 5 of the Dungeon
  4559 | D:5      | Noticed Menkaure
  4564 | D:5      | Found a shimmering blue altar of Sif Muna.
  4694 | D:1      | Bought a potion of degeneration for 11 gold pieces
  4694 | D:1      | Bought a potion of lignification for 33 gold pieces
  4732 | D:1      | Bought a wand of iceblast (6) for 100 gold pieces
  5029 | D:5      | Killed Menkaure
  5030 | D:5      | Reached skill level 10 in Polearms
  5059 | D:5      | Identified the +9 scale mail "Ruetoych" {MP+9}
  5210 | D:5      | Reached skill level 5 in Dodging
  5302 | D:5      | Noticed Sigmund
  5321 | D:5      | Killed Sigmund
  5384 | D:5      | Noticed Ijyb
  5401 | D:5      | Killed Ijyb
  5652 | D:5      | Found a large runed translucent door.
  5653 | D:5      | Found a large runed translucent door.
  5955 | D:5      | Noticed Blork the orc
  5970 | D:5      | Killed Blork the orc
  6274 | D:6      | Reached skill level 1 in Evocations
  6274 | D:6      | Reached XP level 9. HP: 71/71 MP: 9/9
  6508 | D:6      | Reached skill level 6 in Dodging
  6541 | D:6      | Found Ifroax's Assorted Antiques.
  6549 | D:6      | Bought a scroll of identify for 60 gold pieces
  8302 | D:8      | Found a blossoming altar of Fedhas.
  8527 | D:8      | Noticed Erica
  8567 | D:8      | Killed Erica
  8568 | D:8      | Reached skill level 7 in Dodging
  8568 | D:8      | Reached XP level 10. HP: 79/79 MP: 10/10
  8626 | D:8      | Noticed Maurice
  8662 | D:8      | Killed Maurice
  8663 | D:8      | Reached skill level 5 in Throwing
  9022 | D:8      | Found a burning altar of Makhleb.
  9137 | D:8      | Noticed Gastronok
  9170 | D:8      | Killed Gastronok
  9171 | D:8      | Reached skill level 1 in Shields
  9499 | D:1      | Bought a potion of might for 108 gold pieces
  9499 | D:1      | Bought a scroll labelled MOREOL JASU for 27 gold pieces
  9499 | D:1      | Bought a lumpy coppery potion for 24 gold pieces
  9644 | D:6      | Bought a lumpy coppery potion for 27 gold pieces
  9925 | D:9      | Reached skill level 8 in Dodging
  9926 | D:9      | Reached **** piety under Trog
 10010 | D:9      | Noticed Harold
 10025 | D:9      | Killed Harold
 10026 | D:9      | Reached XP level 11. HP: 86/86 MP: 11/11
 10567 | D:10     | Entered Level 10 of the Dungeon
 10571 | D:10     | Identified the +5 ring mail of Anarchy {rN+ Str+3 Slay+6}
 10840 | D:10     | Identified a scroll of acquirement
 10841 | D:10     | Acquired a ring of protection from fire
 11134 | D:10     | Found a glowing golden altar of the Shining One.
 11135 | D:10     | Found a radiant altar of Vehumet.
 11185 | D:10     | Found a staircase to the Lair.
 11361 | D:11     | Found a staircase to the Orcish Mines.
 11443 | D:11     | Identified the +0 ring mail of Daisies {rElec rC+ Will++
                  | Dex+4}
 11444 | D:11     | Found a hide-covered altar of Uskayaw.
 11447 | D:11     | Noticed Nergalle
 11459 | D:11     | Killed Nergalle
 11460 | D:11     | Reached skill level 5 in Armour
 11460 | D:11     | Reached skill level 5 in Evocations
 11535 | D:11     | Noticed a cyclops
 11578 | D:11     | Reached ***** piety under Trog
 11769 | D:11     | Reached skill level 9 in Dodging
 11834 | D:11     | Noticed Fannar
 11887 | D:11     | Killed Fannar
 12262 | D:11     | Killed a cyclops
 12488 | D:12     | Noticed a cyan ugly thing
 12662 | D:12     | Noticed Urug
 12669 | D:12     | Killed Urug
 12789 | D:12     | Noticed a centaur warrior
 12797 | D:12     | Killed a centaur warrior
 12834 | D:12     | Killed a cyan ugly thing
 12852 | D:12     | Noticed a cyclops
 13081 | D:12     | Killed a cyclops
 13082 | D:12     | Reached XP level 12. HP: 65/95 MP: 12/12
 13593 | D:12     | Reached skill level 5 in Shields
 13868 | D:12     | Reached skill level 10 in Dodging
 14298 | D:13     | Noticed a centaur warrior
 14306 | D:13     | Killed a centaur warrior
 14612 | D:13     | Noticed a centaur warrior
 14627 | D:13     | Killed a centaur warrior
 14977 | D:13     | Noticed a boulder beetle
 14986 | D:13     | Killed a boulder beetle
 15100 | D:13     | Reached skill level 10 in Fighting
 15561 | Lair:1   | Entered Level 1 of the Lair of Beasts
 15562 | Lair:1   | Noticed a five-headed hydra
 15588 | Lair:1   | Killed a five-headed hydra
 15758 | Lair:1   | Noticed a five-headed hydra
 15769 | Lair:1   | Killed a five-headed hydra
 15850 | Lair:1   | Noticed Prince Ribbit
 15958 | Lair:1   | Reached XP level 13. HP: 86/103 MP: 13/13
 16102 | Lair:1   | Killed Prince Ribbit
 17089 | Lair:2   | Found a transporter.
 17107 | Lair:2   | Noticed Rayvis's ghost (journeyman MiFi)
 17110 | Lair:2   | Found a transporter.
 17219 | Lair:2   | Identified the +10 glaive of Valour {vorpal, rPois rF+++}
                  | (Trog gifted it to you on level 2 of the Lair of Beasts)
 17219 | Lair:2   | Received a gift from Trog
 18326 | Lair:4   | Found a hole to the Spider Nest.
 19191 | Lair:4   | Reached XP level 14. HP: 81/111 MP: 14/14
 19378 | Lair:4   | Found a staircase to the Shoals.
 19484 | Lair:4   | You fall into a shaft and drop 1 floor!
 19584 | Lair:5   | Found a staircase to the Slime Pits.
 19904 | Lair:5   | Reached skill level 15 in Polearms
 19904 | Lair:5   | Reached skill level 10 in Throwing
 19921 | Lair:6   | Entered Level 6 of the Lair of Beasts
 20174 | Lair:6   | Received a gift from Trog
 21280 | Lair:6   | Reached skill level 10 in Evocations
 22089 | Lair:6   | Found the +3 pair of gauntlets of War {Slay+5}
 22577 | Lair:6   | Noticed a dire elephant
 22585 | Lair:6   | Killed a dire elephant
 22586 | Lair:6   | Reached skill level 10 in Armour
 22586 | Lair:6   | Reached XP level 15. HP: 114/120 MP: 15/15
 22952 | Orc:1    | Entered Level 1 of the Orcish Mines
 23105 | Orc:2    | Entered Level 2 of the Orcish Mines
 23114 | Orc:2    | Found Tyeble's Armour Shoppe.
 23123 | Orc:1    | Noticed Jorgrun
 23134 | Orc:2    | Killed Jorgrun
 23166 | Orc:2    | Reached ****** piety under Trog
 23191 | Orc:1    | Received a gift from Trog
 23419 | Orc:2    | Found a staircase to the Elven Halls.
 23685 | Orc:2    | Found Wuomuenu's Antique Weapon Shop.
 23715 | Orc:2    | Found a radiant altar of Vehumet.
 23715 | Orc:2    | Noticed Erolcha
 23716 | Orc:2    | Cast into level 2 of the Abyss (Erolcha)
 23748 | Abyss:2  | Noticed a tentacled starspawn
 23787 | Abyss:3  | Found a corrupted altar of Lugonu.
 23956 | Abyss:3  | Found a corrupted altar of Lugonu.
 24217 | Orc:2    | Escaped the Abyss
 24225 | Orc:2    | Killed Erolcha
 24246 | Orc:2    | Found an ancient bone altar of Kikubaaqudgha.
 24293 | Orc:2    | Received a gift from Trog
 24294 | Orc:2    | Found Tury's Distillery.
 24306 | Orc:2    | Found Jaefech's Book Shop.
 24315 | Orc:2    | Found Maveyhuts's Antique Armour Shop.
 25257 | D:14     | Found a stormy altar of Qazlal.
 25428 | D:14     | Found a gate to the Vaults.
 26243 | D:15     | Entered Level 15 of the Dungeon
 26749 | D:15     | Noticed Agnes
 26758 | D:15     | Killed Agnes
 27009 | D:15     | Found a staircase to the Depths.
 27466 | Spider:1 | Entered Level 1 of the Spider Nest
 27466 | Spider:1 | Noticed an emperor scorpion
 27570 | Lair:4   | Killed a ghost moth
 27578 | Lair:4   | Killed an emperor scorpion
 27763 | Shoals:1 | Entered Level 1 of the Shoals
 28096 | Shoals:1 | Received a gift from Trog
 28362 | Shoals:1 | Reached XP level 16. HP: 127/127 MP: 16/16
 30097 | Shoals:2 | Found Daxzeyru's Overcharged Wands.
 30180 | Shoals:2 | Found Sul Gegh's Assorted Antiques.
 30230 | Shoals:2 | HP: 6/127 [merfolk javelineer/silver javelin (8)]
 32277 | Shoals:3 | Received a gift from Trog
 32544 | Shoals:3 | Noticed a kraken
 32686 | Shoals:3 | Noticed a kraken
 33754 | Shoals:4 | Entered Level 4 of the Shoals
 33960 | Shoals:3 | Received a gift from Trog
 34335 | Shoals:4 | Reached XP level 17. HP: 133/133 MP: 17/17
 34781 | Shoals:4 | Reached skill level 15 in Evocations
 34969 | Shoals:4 | Identified the +1 rapier "Siuhuimo" {antimagic, Will+ rCorr
                  | Stlth-}
 35378 | Shoals:4 | Noticed Donald
 35396 | Shoals:4 | Killed Donald
 35396 | Shoals:4 | Received a gift from Trog
 35450 | Shoals:4 | Noticed Nikola
 35459 | Shoals:4 | Killed Nikola
 36049 | Shoals:4 | Got a barnacled rune of Zot
 37542 | Shoals:4 | Reached skill level 11 in Dodging
 38068 | Spider:1 | Received a gift from Trog
 39028 | Spider:1 | Reached XP level 18. HP: 104/140 MP: 18/18
 39219 | Spider:1 | You fall into a shaft and drop 1 floor!
 39225 | Spider:2 | Noticed Louise
 39228 | Spider:2 | Identified the +7 falchion of Arrival {vorpal, rF+} (Trog
                  | gifted it to you on level 2 of the Spider Nest)
 39228 | Spider:2 | Received a gift from Trog
 39236 | Spider:2 | Killed Louise
 39457 | Spider:2 | Found the +7 pair of quick blades "Gyre" and "Gimble"
                  | {protect}
 39546 | Spider:2 | Identified the +5 quarterstaff of Annihilation {flame, SInv
                  | Stlth+}
 39836 | Spider:2 | Found a transporter.
 39838 | Spider:2 | Noticed Nattefrost's ghost (adept DsHu)
 39842 | Spider:2 | Identified the +2 kite shield "Guririh" {rCorr Dex+2}
 39883 | Spider:2 | Reached skill level 12 in Dodging
 40299 | Spider:2 | Found a transporter.
 41051 | Spider:3 | Reached skill level 15 in Throwing
 43285 | Spider:4 | Entered Level 4 of the Spider Nest
 43946 | Spider:4 | Received a gift from Trog
 44873 | Spider:4 | Reached XP level 19. HP: 146/146 MP: 19/19
 45272 | Elf:1    | Entered Level 1 of the Elven Halls
 45284 | Orc:2    | Received a gift from Trog
 46960 | Elf:2    | Received a gift from Trog
 47104 | Elf:2    | Found a runed translucent gate.
 47104 | Elf:2    | Found a runed translucent gate.
 47104 | Elf:2    | Found a runed translucent gate.
 47336 | Elf:3    | Entered Level 3 of the Elven Halls
 47682 | Elf:2    | Identified the +9 morningstar of the Pyrrhic Victory {vamp,
                  | Int+2}
 47697 | Elf:2    | Reached skill level 13 in Dodging
 48173 | Elf:2    | Found Voig's Armour Shop.
 48651 | Elf:3    | Received a gift from Trog
 49585 | Elf:3    | Reached skill level 14 in Dodging
 49599 | Elf:3    | Identified the +6 scimitar of the Crawling Thing {freeze,
                  | Contam rElec rF+ rN++}
 49599 | Elf:3    | Identified the ring of the Heavens {rN+ Will+ MP+9 Int+4
                  | Dex-5}
 50258 | Elf:3    | Identified the ring "Odokofon" {Wiz +Blink rC+ rN+}
 50393 | Elf:3    | Identified the +2 leather armour "Guocoorch" {-Cast Fly
                  | rPois rF++}
 50700 | Elf:3    | Reached XP level 20. HP: 159/159 MP: 20/20
 50780 | Elf:3    | Identified the ring "Wocach" {rElec MP+9}
 51034 | Elf:3    | Received a gift from Trog
 51588 | Elf:3    | Reached skill level 15 in Fighting
 51810 | Elf:3    | Identified the +1 long sword "Taic" {antimagic, rElec}
 51810 | Elf:3    | Identified the +3 leather armour "Hag Mugrelim" {rC+ Regen+
                  | MP+9}
 52773 | Spider:2 | Killed Nattefrost's ghost
 52803 | Spider:2 | Identified the +0 pair of boots of Heresy {Dex+3}
 53149 | Vaults:1 | Entered Level 1 of the Vaults
 54347 | Vaults:1 | Received a gift from Trog
 55862 | Vaults:1 | Reached skill level 15 in Dodging
 56192 | Vaults:1 | Received a gift from Trog
 58189 | Vaults:2 | Reached XP level 21. HP: 148/171 MP: 21/21
 58886 | Vaults:2 | Reached skill level 16 in Dodging
 59247 | Vaults:2 | Received a gift from Trog
 60231 | Vaults:3 | Found a crumbling gateway.
 60254 | Desolati | Entered the Desolation of Salt
 60534 | Desolati | Received a gift from Trog
 60668 | Desolati | Identified the ring of the Devouring Enemy {Fire Int+3
                  | Dex+4}
 61337 | Desolati | Identified the ring of the Ageless Wonders {*Slow Str+7
                  | Int+6}
 61362 | Desolati | Received a gift from Trog
 61524 | Desolati | Identified the amulet of Xups {Faith rElec}
 61528 | Desolati | Identified the ring "Tely" {Will+ rCorr MP-9 Slay+6 Stlth+}
 61843 | Vaults:3 | Found Exeuzyah's Armour Emporium.
 62587 | Vaults:3 | Reached XP level 22. HP: 182/182 MP: 22/22
 62883 | Vaults:3 | Paralysed by a great orb of eyes for 6 turns
 63531 | Vaults:3 | Found a staircase to the Crypt.
 63531 | Vaults:3 | Found an ancient bone altar of Kikubaaqudgha.
 63532 | Vaults:3 | Found a basalt altar of Yredelemnul.
 63720 | Vaults:3 | Received a gift from Trog
 64163 | D:6      | Bought a potion of curing for 90 gold pieces
 64163 | D:6      | Bought a scroll of teleportation for 90 gold pieces
 64360 | Shoals:2 | Bought 3 scrolls of teleportation for 297 gold pieces
 64653 | D:1      | Bought a potion of cancellation for 104 gold pieces
 64653 | D:1      | Bought a potion of haste for 130 gold pieces
 64653 | D:1      | Bought a potion of mutation for 104 gold pieces
 64971 | Shoals:2 | Bought a wand of charming (25) for 459 gold pieces
 64971 | Shoals:2 | Bought a wand of acid (25) for 986 gold pieces
 64971 | Shoals:2 | Bought a wand of paralysis (25) for 459 gold pieces
 65999 | Vaults:4 | Found a runed translucent gate.
 65999 | Vaults:4 | Found a runed translucent gate.
 65999 | Vaults:4 | Found a runed translucent gate.
 65999 | Vaults:4 | Noticed Silenth's ghost (adept DrFE)
 66042 | Vaults:4 | Identified the +1 ring mail of Plasticity {Harm *Corrode
                  | Int-4 Dex+8}
 66246 | Vaults:4 | Reached skill level 15 in Armour
 66627 | Vaults:4 | Received a gift from Trog
 67104 | Vaults:3 | Upgraded the game from 0.28-b1-25-g9875b3fc8c to 0.28.0
 67247 | Depths:1 | Entered Level 1 of the Depths
 67407 | Depths:1 | Found a magical portal.
 67440 | WizLab   | Entered The Hall of the Hellbinder
 67496 | WizLab   | Gained mutation: You are clumsy. (Dex -2) [a cacodemon]
 67666 | WizLab   | Received a gift from Trog
 68042 | WizLab   | Noticed Kerhed
 68064 | WizLab   | Killed Kerhed the Hellbinder
 68065 | WizLab   | Reached skill level 17 in Dodging
 68074 | WizLab   | Found a burning altar of Makhleb.
 68086 | WizLab   | Identified the +1 flail "Dragonslayer" {speed, Str+3}
 68087 | WizLab   | Identified the +7 short sword of a wizard's laboratory
                  | {venom, *Rage rElec Str+4}
 68111 | WizLab   | Identified the ring "Xud Suv" {rC++ rCorr Str-4 Int+6}
 68293 | Depths:1 | Reached XP level 23. HP: 120/192 MP: 23/23
 68911 | Depths:1 | Identified the +0 dagger of Xukyis {vorpal, rPois rN+
                  | Str+2} (Trog gifted it to you on level 1 of the Depths)
 68911 | Depths:1 | Received a gift from Trog
 69096 | Depths:1 | Found a gateway to Hell.
 69453 | Depths:2 | Found a glowing golden altar of the Shining One.
 69506 | Depths:2 | Found Juokli's Distillery.
 69591 | Depths:2 | Found a one-way gate leading to the halls of Pandemonium.
 69816 | Depths:2 | Reached skill level 18 in Dodging
 69917 | Depths:2 | Found Tupsiq's Antique Armour Shop.
 69925 | Depths:2 | Bought a pitted chain mail for 237 gold pieces
 69925 | Depths:2 | Identified the +4 chain mail of Patterns {rF+ Regen+
                  | Stlth+} (You bought it in a shop on level 2 of the Depths)
 70094 | Depths:2 | Found Puntis's General Store.
 70101 | Depths:2 | Bought a scroll of acquirement for 1144 gold pieces
 70104 | Depths:2 | Acquired 793 gold pieces
 70156 | Depths:2 | Found Booch's Antique Armour Emporium.
 70161 | Depths:2 | Bought a glowing helmet for 300 gold pieces
 71190 | Spider:4 | Got a gossamer rune of Zot
 71594 | Depths:2 | Received a gift from Trog
 71666 | Depths:2 | Found Zogu's Weapon Emporium.
 71827 | Depths:3 | Noticed Boris
 71832 | Depths:3 | Killed Boris
 72525 | Depths:3 | Noticed Margery
 72545 | Depths:2 | Killed Margery
 72702 | Depths:3 | Identified the +7 lajatang of Nyzewnowk {flame, rElec
                  | Dex+6} (Trog gifted it to you on level 3 of the Depths)
 72702 | Depths:3 | Received a gift from Trog
 72980 | Depths:3 | Noticed a golden dragon
 73015 | Depths:3 | Killed a golden dragon
 74106 | Depths:3 | Found a one-way gate to the infinite horrors of the Abyss.
 74109 | Depths:3 | Reached skill level 19 in Dodging
 74449 | Depths:4 | Entered Level 4 of the Depths
 74692 | Depths:4 | Reached XP level 24. HP: 191/204 MP: 23/23
 74761 | Depths:4 | Found a one-way gateway to a ziggurat.
 74782 | Depths:4 | Found a snail-covered altar of Cheibriados.
 74782 | Depths:4 | Found a blossoming altar of Fedhas.
 74783 | Depths:4 | Found a bloodstained altar of Trog.
 74859 | Depths:4 | Paralysed by a sphinx for 6 turns
 74925 | Depths:4 | Found a gate to the Realm of Zot.
 75542 | Depths:4 | Reached skill level 20 in Dodging
 75544 | Depths:4 | Received a gift from Trog
 76267 | Depths:4 | Noticed a caustic shrike
 76275 | Depths:4 | Killed a caustic shrike
 77202 | Depths:4 | Identified the +12 short sword of Cytaj {freeze, rC+}
 77596 | Depths:4 | Identified the +3 scimitar "Zomunnaa" {vorpal, rF- rC-
                  | rN+++ Dex+2}
 77618 | Depths:4 | Identified the ring "Cuoxkeps" {Fire Int+4}
 77981 | Depths:4 | Received a gift from Trog
 78366 | Slime:1  | Entered Level 1 of the Pits of Slime
 78907 | Slime:5  | Entered Level 5 of the Pits of Slime
 79026 | Slime:5  | Noticed the Royal Jelly
 79039 | Slime:5  | Killed the Royal Jelly
 79757 | Slime:4  | Reached XP level 25. HP: 127/210 MP: 14/23
 80073 | Slime:5  | Received a gift from Trog
 80177 | Slime:5  | Found the +6 arbalest "Damnation" {damnation}
 80226 | Slime:5  | Got a slimy rune of Zot
 81054 | D:1      | Bought a potion of invisibility for 88 gold pieces
 81340 | Orc:2    | Bought a potion of curing for 42 gold pieces
 81340 | Orc:2    | Bought a potion of curing for 42 gold pieces
 81340 | Orc:2    | Bought a potion of mutation for 112 gold pieces
 81340 | Orc:2    | Bought a potion of cancellation for 112 gold pieces
 81340 | Orc:2    | Bought a potion of mutation for 112 gold pieces
 81340 | Orc:2    | Bought a potion of curing for 42 gold pieces
 81696 | Zot:1    | Entered Level 1 of the Realm of Zot
 82172 | Zot:1    | Noticed an orb of fire
 82175 | Zot:1    | Gained mutation: Armour fits poorly on your strangely
                  | shaped body. [an orb of fire]
 82186 | Zot:1    | Killed an orb of fire
 82907 | Zot:2    | Identified the +7 spear "Qilongisod" {vorpal, rCorr Str+2}
                  | (Trog gifted it to you on level 2 of the Realm of Zot)
 82907 | Zot:2    | Received a gift from Trog
 86379 | Zot:3    | Found a runed translucent door.
 86380 | Zot:3    | Noticed runemage's ghost (legendary GnFi)
 86380 | Zot:3    | Found the +8 Vampire's Tooth {vamp}
 87668 | Zot:4    | Received a gift from Trog
 87985 | Zot:4    | Found a runed translucent door.
 87985 | Zot:4    | Noticed Jofris Vesimp's ghost (legendary GnFE)
 87995 | Zot:4    | Reached XP level 26. HP: 209/218 MP: 14/23
 88387 | Zot:5    | Entered Level 5 of the Realm of Zot
 89536 | Crypt:1  | Entered Level 1 of the Crypt
 89536 | Crypt:1  | Found a runed translucent gate.
 89536 | Crypt:1  | Found a runed translucent gate.
 89536 | Crypt:1  | Found a runed translucent gate.
 89543 | Crypt:1  | Noticed yalue's ghost (adept MiFi)
 89793 | Crypt:1  | Identified the +1 leather armour "Quqiodyh" {Rampage rElec
                  | rPois Str-2}
 89796 | Crypt:1  | Found the +2 hood of the Assassin {Detection Stab+ Stlth++}
 89846 | Crypt:1  | Found an iron altar of Okawaru.
 90863 | Crypt:2  | Received a gift from Trog
 91384 | Crypt:3  | Entered Level 3 of the Crypt
 91451 | Crypt:3  | Noticed Bai Suzhen
 91464 | Crypt:3  | Killed Bai Suzhen
 91906 | Crypt:3  | Identified the +9 spear of Exquisite Torment {vamp, rN+
                  | Will+ rCorr Int-2}
 92341 | Crypt:3  | Found a basalt altar of Yredelemnul.
 93305 | Crypt:3  | Identified the +9 arbalest "Gainn" {elec, rElec rPois rN+}
 93324 | Crypt:3  | Received a gift from Trog
 93528 | Crypt:3  | Found a staircase to the Tomb.
 94708 | Crypt:3  | Identified the +10 plate armour of the Other World {Harm
                  | rN+ Will- Int+5}
 97179 | Zot:5    | Noticed an orb of fire
 97194 | Zot:5    | Gained mutation: You tend to lose your temper in combat.
                  | [an orb of fire]
 97200 | Zot:5    | Killed an orb of fire
 97263 | Zot:5    | Noticed an orb of fire
 97267 | Zot:5    | Gained mutation: You sometimes lose the ability to read
                  | scrolls when taking damage. [an orb of fire]
 97270 | Zot:5    | Killed an orb of fire
 97278 | Zot:5    | Noticed an orb of fire
 97287 | Zot:5    | Gained mutation: You have hidden genetic defects. [an orb
                  | of fire]
 97288 | Zot:5    | Killed an orb of fire
 97289 | Zot:5    | Reached skill level 21 in Dodging
 97371 | Zot:5    | Noticed an orb of fire
 97371 | Zot:5    | Gained mutation: You are frail. (-10% HP) [an orb of fire]
 97381 | Zot:5    | Killed an orb of fire
 97382 | Zot:5    | Reached XP level 27. HP: 200/203 MP: 14/23
 97401 | Zot:5    | Noticed an ancient lich
 97410 | Zot:5    | Killed an ancient lich
 97575 | Zot:5    | Noticed an orb of fire
 97592 | Zot:5    | Killed an orb of fire
 97740 | Zot:5    | Noticed an orb of fire
 97756 | Zot:5    | Killed an orb of fire
 97760 | Zot:5    | Noticed an orb of fire
 97762 | Zot:5    | Noticed an orb of fire
 97764 | Zot:5    | Noticed an orb of fire
 97783 | Zot:4    | Killed an orb of fire
 97790 | Zot:4    | Gained mutation: Your magical capacity is low. (-10% MP)
                  | [hidden defects]
 97833 | Zot:4    | Gained mutation: You have terrible hidden genetic defects.
                  | [an orb of fire]
 97840 | Zot:4    | Killed an orb of fire
 97886 | Zot:4    | Killed an orb of fire
 97891 | Zot:4    | Received a gift from Trog
 98142 | Zot:5    | Noticed an orb of fire
 98144 | Zot:5    | Noticed an orb of fire
 98199 | Zot:4    | Killed an orb of fire
 98203 | Zot:4    | Killed an orb of fire
 98205 | Zot:5    | Noticed a dread lich
 98270 | Zot:4    | Killed a dread lich
 98272 | Zot:4    | Gained mutation: You are very frail. (-20% HP) [hidden
                  | defects]
 98272 | Zot:4    | Lost mutation: You have terrible hidden genetic defects.
                  | [hidden defects expressed]
 98979 | Zot:4    | Reached skill level 22 in Dodging
 99423 | Zot:5    | Noticed an orb of fire
 99434 | Zot:5    | Killed an orb of fire
100431 | Zot:5    | Gained mutation: Your body sometimes deteriorates upon
                  | taking damage. [hidden defects]
101152 | Zot:5    | Got the Orb of Zot
101436 | Depths:4 | Noticed Jycwesud the pandemonium lord
101705 | D:14     | Noticed Iblar the pandemonium lord
101838 | D:12     | Noticed Tykk the pandemonium lord
102153 | D:4      | Gained mutation: Your body often deteriorates upon taking
                  | damage. [a cacodemon]
102169 | D:4      | Noticed Amnu the pandemonium lord
102243 | D:$      | Escaped with the Orb!

Illustrated notes

Levels and vault maps discovered:
D:1:      dpeg_arrival_houses_and_road, layout_basic, serial_shops,
          nicolae_diamond_shop, shop, shop, shop, basic_ecumenical_altar,
          minmay_pentomino_t2
D:2:      layout_basic, item_on_display_a, uniq_terence
D:3:      minmay_chambers_of_threes, layout_basic,
          hellmonk_ghost_happy_afterlife, chequers_serial_rivers_small_b
D:4:      kennysheep_six_static_rooms, layout_loops_corners,
          nicolae_kikubaaqudgha_miasma_corner, temple_doors_e,
          cheibrodos_sewer_entry_drain, serial_aquarium,
          aquarium_bridge_long_joined [aquarium_subvault_wall,
          aquarium_subvault_wall, aquarium_subvault_bridge,
          aquarium_subvault_bridge, aquarium_subvault_balcony,
          aquarium_subvault_bridge], aquarium_window_1, aquarium_window_corner,
          aquarium_window_corner, aquarium_view_2e, st_stairs_1,
          hangedman_decor_peaks_small
D:5:      layout_basic, jmf_multi_god_temple2, led_sif_book, uniq_blork_the_orc,
          uniq_ijyb, uniq_sigmund, uniq_menkaure
D:6:      layout_cave_pools, serial_shops, shop
D:7:      layout_layer_cave, minmay_misc_feat_doors, nicolae_benzene_ring
D:8:      layout_rooms, makhleb_blood_cavern_becter, fedhas_altar_2,
          uniq_gastronok, uniq_maurice, uniq_erica
D:9:      layout_roguey, uniq_harold
D:10:     layout_rooms, minitemple, grunt_lair_entry_orc_guard_hut,
          chequers_serial_rivers_small_b, amcnicky_mini_pool_small
D:11:     layout_basic, minmay_orc_entry_temple_small,
          nicolae_uskayaw_murder_on_the_dancefloor, uniq_nergalle, uniq_fannar
D:12:     layout_loops_corners, st_stairs_9, uniq_urug
D:13:     layout_cave_pods
D:14:     layout_loops_corners, david_vaults_2, grunt_qazlal_clouds,
          nicolae_two_hexagons
D:15:     gammafunk_depths_entry_grave, layout_stronghold, drop_trap, uniq_agnes
Temple:   eino_narrow_crystal_temple
Lair:1:   layout_hall_layers, guppyfry_lair_drakes, grunt_megastairs_5,
          uniq_prince_ribbit2
Lair:2:   layout_regular_city, gammafunk_ghost_arena
Lair:3:   layout_long_grid, roderic_batcave, nicolae_lair_grove_arrangements,
          infiniplex_staircase_pool_2
Lair:4:   layout_loops_ring, shoals_dummy_entry, spider_nest_entry_a,
          st_stairs_8
Lair:5:   kb_forest_paths, layout_regular_city, slime_dummy,
          chequers_serial_rivers_micro_e, nicolae_lair_run_with_the_wolves
Lair:6:   grunt_lair_end_beastmaster, layout_cave_pods, grunt_megastairs_4
Shoals:1: layout_shoals, st_cyclops
Shoals:2: layout_shoals, serial_shops, shop, nicolae_shop_overcharged_wands
Shoals:3: layout_shoals
Shoals:4: shoals_end_simple, layout_shoals, uniq_donald, uniq_nikola
Spider:1: layout_spider_delve, nicolae_spider_bzzzt
Spider:2: layout_spider_delve, gammafunk_ghost_mausoleum, nicolae_orb_stairs,
          uniq_louise
Spider:3: nicolae_spider_hall_of_the_moth_king
Spider:4: spider_rune_water
Slime:1:  layout_caves
Slime:2:  layout_caves, nicolae_slime_barrier
Slime:3:  cheibrodos_slime_lost_civilization_3, layout_caves
Slime:4:  layout_caves
Slime:5
Orc:1:    layout_caves, uniq_jorgrun
Orc:2:    kennysheep_orc_mage_school, layout_caves, serial_shops,
          nicolae_shop_crystal
Elf:1:    eino_elf_arrival_sip, layout_rooms, serial_aquarium,
          aquarium_bridge_island_large [aquarium_subvault_large_open,
          aquarium_subvault_wall, aquarium_subvault_wall,
          aquarium_subvault_wall, aquarium_subvault_bridge],
          aquarium_bridge_long_joined [aquarium_subvault_bridge,
          aquarium_subvault_wall, aquarium_subvault_bridge,
          aquarium_subvault_wall, aquarium_subvault_wall,
          aquarium_subvault_balcony], aquarium_window_fake,
          aquarium_window_fake, aquarium_view_2e, aquarium_view_2d,
          aquarium_balcony_double_4, hangedman_corner_corridor
Elf:2:    elven_hall_of_blades_hangedman_original [nooodl_blade_entry_preview],
          layout_loops_corners, serial_shops, shop
Elf:3:    nooodl_elf_gasket, layout_geoelf_diagonals
Vaults:1: hangedman_vaults_stitches, special_room_vaults [special_room_orc],
          vaults_mumra_minichess, ontoclasm_vaults_misaligned,
          ontoclasm_vaults_twist, layout_vaults_omnigrid
Vaults:2: v_misc_1, v_misc_5, v_misc_30, grunt_vaults_focal,
          nicolae_vaults_big_ls, ontoclasm_vaults_shuriken,
          vaults_standard_mumra_lines, ontoclasm_vaults_eye,
          nicolae_vaults_asterisk, layout_vaults_big_room
Vaults:3: portal_desolation_entry_nicolae_nacl,
          vaults_mumra_minichess_inversion, nicolae_vaults_little_squares_5,
          ontoclasm_vaults_gallery, minmay_crypt_entry_necro_gods,
          vaults_mumra_hexcomb, v_misc_4, v_misc_2,
          nicolae_vaults_little_squares_1, vaults_room_semicircle,
          grunt_vaults_twisty, vaults_room_semicircle, vaults_room_boxed,
          vaults_dpeg_spiral, layout_vaults_omnibox, serial_shops, shop
Vaults:4: biasface_ghost_orc_armoury, nicolae_vaults_border_crossing, v_misc_8,
          v_misc_26, nicolae_vaults_little_squares_2, v_misc_11,
          grunt_vaults_swirl, hangedman_vaults_stream, vaults_room_fours,
          vaults_room_semicircle, layout_vaults_omnicross
Crypt:1:  layout_basic, gammafunk_ghost_fury_of_okawaru,
          nicolae_crypt_soggy_tomb
Crypt:2:  layout_catacombs
Crypt:3:  evilmike_haunted_forest, uniq_bai_suzhen
Depths:1: layout_forbidden_donut, mu_enter_wizlab_6, hangedman_decor_cross_pass,
          hell_entry, kennysheep_small_square
Depths:2: cheibrodos_lost_city_excavation, layout_cave_pools, tso_metal_star,
          grunt_pan_entry_sceptre, hangedman_geh_valley, serial_shops, shop,
          nicolae_shop_advertising_works [nicolae_subvault_shop_adworks], shop,
          nicolae_lakefront_shop, nicolae_shop_hallway_plus,
          infiniplex_staircase_zigzag_4
Depths:3: nzn_winding_woodlands_cross [nzn_winding_woodlands_5x15_pockets,
          nzn_winding_woodlands_5x15_concentric,
          nzn_winding_woodlands_5x15_default, nzn_winding_woodlands_5x15_cabin,
          nzn_winding_woodlands_15x15_five_gardens], layout_gridville,
          pan_entry, chequers_serial_rivers_large_a, grunt_metal_band,
          marbit_kobold_abyss_entry, serial_sigils,
          serial_sigils_hangedman_writhe, serial_sigils_hangedman_scar,
          serial_sigils_hangedman_shear, serial_sigils_hangedman_gut, uniq_boris
Depths:4: hangedman_slaughterboxes, hell_entry
Zot:1:    layout_twisted_circle
Zot:2:    layout_onion_interference
Zot:3:    grunt_zot_stairs_overgrown, layout_onion_interference,
          ebering_ghost_reflecting_pool
Zot:4:    layout_gridlike, ebering_ghost_inner_flame
Zot:5:    layout_concentric_octagons, grunt_ministairs_10

Skill      XL: |  1  2  3  4  5  6  7  8  9 10 11 12 13 14 15 16 17 18 19 20 21 22 23 24 25 26 27 |
---------------+----------------------------------------------------------------------------------+-----
Polearms       | 5 6 7 8 9 11 12 14 16 18 19 20 | 20.0
Fighting       | 4 5 6 7 8 9 10 12 14 16 17 18 20 21 | 21.8
Dodging        | 3 4 5 7 8 9 10 11 12 14 15 16 17 19 20 21 22 | 22.5
Throwing       | 1 2 3 4 5 6 8 9 10 11 14 15 16 19 20 | 20.0
Armour         | 2 3 4 5 6 7 10 11 12 13 15 16 18 19 20 | 20.9
Evocations     | 1 3 4 6 7 9 10 11 14 16 17 18 19 20 21 | 21.5
Shields        | 2 4 6 7 |  7.5

Action                   |  1- 3 |  4- 6 |  7- 9 | 10-12 | 13-15 | 16-18 | 19-21 | 22-24 | 25-27 || total
-------------------------+-------+-------+-------+-------+-------+-------+-------+-------+-------++-------
Melee: Spear             |    75 |   155 |       |       |       |       |       |       |       ||   230
       Punch             |       |     1 |     1 |       |     3 |       |       |       |       ||     5
       Trident           |       |    44 |   359 |   570 |   250 |       |       |       |       ||  1223
       Glaive            |       |       |       |       |   678 |  1137 |  1313 |  1525 |  1505 ||  6158
       Tailslap          |       |       |       |       |     3 |    18 |     2 |       |     2 ||    25
       Unarmed           |       |       |       |       |       |       |       |       |     1 ||     1
Throw: Dart              |       |       |     4 |     3 |       |       |       |       |       ||     7
       Boomerang         |       |       |       |     2 |    12 |   117 |   270 |   220 |   113 ||   734
       Javelin           |       |       |       |       |       |       |       |     4 |    41 ||    45
Invok: Berserk           |     2 |     4 |     9 |    10 |     5 |     6 |       |     2 |     5 ||    43
       Trog's Hand       |       |       |     2 |     3 |     5 |     1 |    15 |    11 |     4 ||    41
       Brothers in Arms  |       |       |       |       |     3 |     5 |     5 |     2 |     5 ||    20
Evoke: Wand              |       |       |       |     3 |     2 |    28 |     8 |    14 |    19 ||    74
       Tin of tremorston |       |       |       |       |       |     3 |     8 |    11 |       ||    22
       Box of beasts     |       |       |       |       |       |       |     1 |     3 |       ||     4
       Condenser vane    |       |       |       |       |       |       |       |     1 |       ||     1
  Use: Scroll            |       |     5 |    12 |     5 |    12 |     8 |     7 |    10 |    11 ||    70
       Potion            |       |       |     1 |     1 |     2 |    10 |     2 |     4 |     6 ||    26
 Stab: Paralysed         |       |       |       |     8 |       |       |       |       |       ||     8
       Distracted        |       |       |       |       |     2 |     1 |     3 |       |     1 ||     7
Armor: Animal skin       |    13 |       |       |       |       |       |       |       |       ||    13
       Scale mail        |       |    54 |   123 |    55 |       |       |       |       |       ||   232
       Skin              |       |       |     1 |       |       |     1 |       |       |       ||     2
       Ring mail         |       |       |       |   120 |   526 |   288 |       |       |       ||   934
       Plate armour      |       |       |       |       |       |   499 |   430 |   489 |   490 ||  1908
Dodge: Dodged            |    34 |    61 |   111 |   160 |   555 |   818 |   615 |   821 |   956 ||  4131
Block: Kite shield       |       |       |       |   154 |    53 |       |       |       |       ||   207
